 Dungeon Crawl Stone Soup version 0.30-a0-141-g30f27751c5 (webtiles) character file.

Game seed: 14580015601107553058

33798 qw the Cleaver (level 13, 0/84 HPs)
             Began as a Gargoyle Fighter on Sept 25, 2022.
             Was an Elder of Okawaru.
             Slain by a blink frog (3 damage)
             ... on level 5 of the Lair of Beasts.
             The game lasted 00:06:37 (17267 turns).

qw the Cleaver (Gargoyle Fighter)                  Turns: 17267, Time: 00:06:38

Health: 0/84       AC: 30    Str: 30    XL:     13   Next: 73%
Magic:  20/20      EV: 10    Int: 10    God:    Okawaru [****..]
Gold:   836        SH: 11    Dex:  9    Spells: 12/12 levels left

rFire   + . .      SeeInvis +    y - +0 broad axe
rCold   + . .      Faith    .    c - +0 buckler
rNeg    + . .      Spirit   .    b - +1 plate armour
rPois   inf        Reflect  +    u - +1 hat
rElec   +          Harm     .    w - scarf {rC+ rF+}
rCorr   .          Rampage  .    j - +0 pair of gloves
Will    .....                    (no boots)
Stlth   ..........               l - amulet of reflection
HPRegen 0.24/turn                p - ring of see invisible
MPRegen 0.17/turn                x - +6 ring of strength

@: heroic
A: sickness immunity, AC +9, negative energy resistance 1, electricity
resistance, torment resistance 1, petrification resistance
a: Renounce Religion, Heroism, Finesse


You were on level 5 of the Lair of Beasts.
You worshipped Okawaru.
Okawaru was greatly pleased with you.
You visited 3 branches of the dungeon, and saw 15 of its levels.

You collected 836 gold pieces.


Innate Abilities, Weirdness & Mutations

You are immune to sickness and miasma.
Your stone body is resilient. (AC +9)
You are immune to poison.
You resist negative energy. (rN+)
You are resistant to electric shocks. (rElec)
You are resistant to unholy torment.
You are immune to petrification.


   Skills:
 - Level 11.0(16.0) Fighting
 + Level 14.5(19.5) Axes
 - Level 2.1(7.1) Throwing
 - Level 10.0(15.0) Armour
 - Level 2.2(7.2) Dodging
 - Level 7.0(12.0) Shields
 - Level 10.0 Invocations


You had 12 spell levels left.
You didn't know any spells.
Your spell library was empty.

Inventory:

Hand Weapons
 i - a -2 demon whip of venom
 y - a +0 broad axe (weapon)
Missiles
 q - 2 boomerangs (quivered)
Armour
 b - a +1 plate armour (worn)
 c - a +0 buckler (worn)
 e - a +2 cloak
 j - a +0 pair of gloves (worn)
 u - a +1 hat (worn)
 w - a scarf of resistance (worn)
Jewellery
 g - a ring of protection from cold
 l - an amulet of reflection (around neck)
 p - a ring of see invisible (left hand)
 x - a +6 ring of strength (right hand)
 Y - a ring of protection from fire
Scrolls
 a - 3 scrolls of identify
Potions
 d - 3 potions of might
 f - 2 potions of resistance
 h - 2 potions of mutation
 k - 2 potions of attraction
 n - a potion of cancellation
 s - 2 potions of magic
 t - 2 potions of curing
 v - a potion of haste
 z - a potion of lignification

Dungeon Overview and Level Annotations

Branches:
Dungeon (9/15)             Temple (1/1) D:6            Lair (5/5) D:9
 Shoals (0/4) Lair:2        Snake (0/4) Lair:3          Orc (0/2) D:9
  Slime: Lair:4-5

Altars:
Ashenzari
Cheibriados
Dithmenos
Elyvilon
Fedhas
Gozag
Hepliaklqana
Kikubaaqudgha
Makhleb
Nemelex Xobeh
Okawaru
Qazlal
Ru
Sif Muna
Trog
Uskayaw
Vehumet
Wu Jian
Xom
Yredelemnul
Zin
The Shining One

Shops:
D:4 (   D:5 (

Annotations:
Lair:1 3 runed translucent doors, Bukhlaj's ghost, journeyman HOFi; Ceckukk's ghost, journeyman GrEE


Message History

You closely miss the blink frog.
The blink frog is almost dead.
You completely miss the blink frog. You block the blink frog's attack.
The blink frog blinks!
The blink frog closely misses you.
You slice the blink frog!!
You kill the blink frog!
Okawaru accepts your kill.
You barely miss the blink frog.
You are no longer corroded.
The blink frog hits you but does no damage.
You miss the blink frog.
The blink frog is moderately wounded.
The blink frog blinks!
The blink frog misses you.
You barely miss the blink frog.
The blink frog is moderately wounded.
The blink frog hits you but does no damage.
You closely miss the blink frog.
The blink frog is moderately wounded.
You hit the blink frog but do no damage.
The blink frog blinks!
You block the blink frog's attack.
You slice the blink frog!!
You kill the blink frog!
Okawaru accepts your kill.
You slice the blink frog!!
The blink frog is almost dead.
The blink frog barely misses you.
You slash the blink frog!
You kill the blink frog!
Okawaru accepts your kill.
You slice the blink frog!!
The blink frog is almost dead.
The blink frog blinks!
You barely miss the blink frog. The blink frog hits you!
You closely miss the blink frog. You block the blink frog's attack.
You closely miss the blink frog. The blink frog hits you.
You die...

#.+...#.........~~.~~~~
...................~..~
...............
......$........
F..............
F.......... #F.%..#
#F#%..# #@%.P# #....#
......+...# .....P...##
..P.#.....# #..###....#
... ...... .. ........
###.#.)##


You could see 2 blink frogs.

Vanquished Creatures
  2 hydras
  3 death yaks (D:9)
  Amaemon (D:9)
  A goliath frog (Lair:5)
  A guardian serpent (Lair:3)
  4 black mambas
  4 elephants (Lair:4)
  Maurice (D:9)
  A gargoyle (D:7)
  18 cane toads
  2 rime drakes
  An orange demon (D:9)
  8 komodo dragons
  A kobold demonologist (D:9)
  A merfolk (Lair:2)
  A queen bee (Lair:4)
  3 meliai (Lair:4)
  Grinder (D:3)
  2 hornets
  13 blink frogs
  13 dream sheep
  A shadow (D:9)
  9 yaks
  Eustachio (D:5)
  A vampire (D:5)
  6 basilisks
  5 wyverns
  A vampire mosquito (Lair:5)
  14 water moccasins
  4 ice beasts (D:7)
  An orc warrior (D:7)
  5 black bears
  3 ogres
  3 wolves (Lair:3)
  3 centaurs
  A kobold brigand (D:4)
  15 bullfrogs
  5 necrophages
  A gnoll sergeant (D:9)
  3 scorpions
  26 wights
  31 killer bees
  2 electric eels (Lair:2)
  2 hounds (D:6)
  4 orc priests
  A jelly (D:6)
  8 orc wizards
  2 iguanas
  Natasha (thrice) (D:3)
  Ijyb (D:3)
  4 hell rats (D:9)
  6 gnolls
  7 adders
  2 river rats (D:9)
  2 shadow imps
  2 white imps
  5 ufetubi
  A dart slug (D:1)
  2 worms
  24 orcs
  12 endoplasms
  5 goblins
  7 hobgoblins
  3 jackals (D:2)
  5 kobolds
  A quokka (D:9)
  5 ball pythons
  4 bats (D:1)
  2 frilled lizards
  3 rats
346 creatures vanquished.

Vanquished Creatures (others)
  4 demonic plants (D:8)
  17 fungi
  74 plants
  6 withered plants (Lair:1)
101 creatures vanquished.

Grand Total: 447 creatures vanquished

Notes
Turn   | Place    | Note
-------+----------+-------------------------------------------
     0 | D:1      | qw the Gargoyle Fighter began the quest for the Orb.
     0 | D:1      | Reached XP level 1. HP: 14/14 MP: 1/1
     0 | D:1      | 0 ||| qw: Version: 0.2-a-10-g399e6c4
     0 | D:1      | 0 ||| qw: Game counter: 229
     0 | D:1      | 0 ||| qw: Always use a shield: true
     0 | D:1      | 0 ||| qw: God list: Okawaru
     0 | D:1      | 0 ||| qw: Allow faded altars: false
     0 | D:1      | 0 ||| qw: Do Orc after D:15 true
     0 | D:1      | 0 ||| qw: Do second Lair branch before Depths: true
     0 | D:1      | 0 ||| qw: Lair rune preference: random
     0 | D:1      | 0 ||| qw: Plans: Normal, Zot:1-4, God:TSO, Crypt, Tomb,
                  | Pan, Slime:5, Hells, Abyss, Orb
     0 | D:1      | 0 ||| PLANNING D:1-11
   101 | D:1      | 101 ||| Stepping ~*~*~tactically~*~*~ (stealth).
   105 | D:1      | 105 ||| Stepping ~*~*~tactically~*~*~ (stealth).
   124 | D:1      | Reached skill level 2 in Axes
   434 | D:1      | Found a faded altar of an unknown god.
   436 | D:1      | 436 ||| DROPPING +0 club.
   497 | D:1      | Reached XP level 2. HP: 19/19 MP: 2/2
   617 | D:1      | 617 ||| Stepping ~*~*~tactically~*~*~ (stealth).
   641 | D:1      | 641 ||| Stepping ~*~*~tactically~*~*~ (stealth).
  1013 | D:1      | 1013 ||| UPGRADING to +0 cloak.
  1018 | D:1      | 1018 ||| UPGRADING to +0 chain mail.
  1028 | D:1      | 1028 ||| DROPPING +0 scale mail.
  1029 | D:1      | 1029 ||| UPGRADING to amulet of reflection.
  1034 | D:1      | 1034 ||| READING 2 scrolls labelled SOROT QIXYA.
  1035 | D:1      | 1035 ||| READING 2 scrolls labelled GIR IRIBUGO.
  1105 | D:2      | Reached skill level 3 in Axes
  1235 | D:2      | 1235 ||| Stepping ~*~*~tactically~*~*~ (stealth).
  1236 | D:2      | 1236 ||| Stepping ~*~*~tactically~*~*~ (stealth).
  1243 | D:2      | Reached XP level 3. HP: 18/23 MP: 3/3
  1915 | D:2      | 1915 ||| UPGRADING to +0 plate armour.
  1925 | D:2      | 1925 ||| DROPPING +0 chain mail.
  1926 | D:2      | 1926 ||| READING 3 scrolls labelled COTYWK GURAD.
  1927 | D:2      | 1927 ||| READING 2 scrolls of enchant armour.
  1927 | D:2      | 1927 ||| ENCHANTING +0 cloak.
  1928 | D:2      | 1928 ||| READING scroll of enchant armour.
  1928 | D:2      | 1928 ||| ENCHANTING +1 cloak.
  1929 | D:2      | 1929 ||| READING scroll labelled HOKOLU SECONU.
  1930 | D:2      | 1930 ||| READING scroll labelled TYMU OSCHAENERU.
  1931 | D:2      | 1931 ||| DRINKING 2 viscous blue potions.
  1932 | D:2      | 1932 ||| DROPPING potion of degeneration.
  1976 | D:3      | Reached skill level 4 in Axes
  1976 | D:3      | Reached XP level 4. HP: 28/28 MP: 4/4
  2094 | D:3      | 2094 ||| Stepping ~*~*~tactically~*~*~ (hiding).
  2110 | D:3      | Reached XP level 5. HP: 28/32 MP: 5/5
  2142 | D:3      | 2142 ||| DROPPING +0 whip.
  2162 | D:3      | Noticed Grinder
  2166 | D:3      | Paralysed by Grinder for 2 turns
  2173 | D:3      | Killed Grinder
  2174 | D:3      | Reached skill level 6 in Axes
  2174 | D:3      | Reached XP level 6. HP: 24/37 MP: 6/6
  2392 | D:3      | Noticed Natasha
  2393 | D:3      | 2393 ||| Stepping ~*~*~tactically~*~*~ (hiding).
  2402 | D:3      | Killed Natasha
  2409 | D:3      | Noticed Natasha
  2410 | D:3      | 2410 ||| Stepping ~*~*~tactically~*~*~ (stealth).
  2425 | D:3      | 2425 ||| Stepping ~*~*~tactically~*~*~ (hiding).
  2432 | D:3      | Killed Natasha
  2650 | D:3      | 2650 ||| Stepping ~*~*~tactically~*~*~ (stealth).
  2653 | D:3      | 2653 ||| Stepping ~*~*~tactically~*~*~ (stealth).
  2665 | D:3      | 2665 ||| Stepping ~*~*~tactically~*~*~ (stealth).
  2761 | D:3      | Found a faded altar of an unknown god.
  2847 | D:3      | Noticed Ijyb
  2855 | D:3      | HP: 3/38 [disintegration (17)]
  2856 | D:3      | 2856 ||| READING scroll of teleportation.
  2875 | D:3      | 2875 ||| Stepping ~*~*~tactically~*~*~ (stealth).
  3094 | D:3      | Noticed Natasha
  3099 | D:3      | Killed Natasha
  3100 | D:3      | Reached XP level 7. HP: 36/43 MP: 7/7
  3439 | D:3      | 3439 ||| DRINKING 2 cyan potions.
  3447 | D:3      | 3447 ||| FLEEEEING.
  3448 | D:3      | 3448 ||| FLEEEEING.
  3449 | D:3      | 3449 ||| FLEEEEING.
  3450 | D:3      | 3450 ||| FLEEEEING.
  3451 | D:3      | 3451 ||| FLEEEEING.
  3457 | D:3      | 3457 ||| STAIRDANCE
  3607 | D:3      | Killed Ijyb
  3787 | D:4      | 3787 ||| STAIRDANCE
  3875 | D:4      | 3875 ||| STAIRDANCE
  4265 | D:4      | Found Ynav's Antique Weapon Shop.
  4370 | D:4      | 4370 ||| Stepping ~*~*~tactically~*~*~ (stealth).
  4406 | D:4      | Reached skill level 7 in Axes
  4480 | D:4      | Reached skill level 1 in Dodging
  4480 | D:4      | Reached XP level 8. HP: 20/49 MP: 8/8
  4483 | D:4      | HP: 8/49 [wight/+0 spear (7)]
  4484 | D:4      | 4484 ||| DRINKING 3 potions of heal wounds.
  4492 | D:4      | 4492 ||| FLEEEEING.
  4493 | D:4      | 4493 ||| FLEEEEING.
  4494 | D:4      | 4494 ||| FLEEEEING.
  4495 | D:4      | 4495 ||| FLEEEEING.
  4496 | D:4      | 4496 ||| FLEEEEING.
  4497 | D:4      | 4497 ||| FLEEEEING.
  4498 | D:4      | 4498 ||| FLEEEEING.
  4499 | D:4      | 4499 ||| FLEEEEING.
  4500 | D:4      | 4500 ||| FLEEEEING.
  4501 | D:4      | 4501 ||| FLEEEEING.
  4502 | D:4      | 4502 ||| FLEEEEING.
  4503 | D:4      | 4503 ||| FLEEEEING.
  4504 | D:4      | 4504 ||| FLEEEEING.
  4505 | D:4      | 4505 ||| FLEEEEING.
  4506 | D:4      | 4506 ||| FLEEEEING.
  4507 | D:4      | 4507 ||| FLEEEEING.
  4508 | D:4      | 4508 ||| FLEEEEING.
  4509 | D:4      | 4509 ||| FLEEEEING.
  4510 | D:4      | 4510 ||| FLEEEEING.
  4511 | D:4      | 4511 ||| FLEEEEING.
  4512 | D:4      | 4512 ||| FLEEEEING.
  4513 | D:4      | 4513 ||| FLEEEEING.
  4514 | D:4      | 4514 ||| FLEEEEING.
  4515 | D:4      | 4515 ||| FLEEEEING.
  4516 | D:4      | 4516 ||| FLEEEEING.
  4517 | D:4      | 4517 ||| FLEEEEING.
  4518 | D:4      | 4518 ||| FLEEEEING.
  4519 | D:4      | 4519 ||| FLEEEEING.
  4520 | D:4      | 4520 ||| FLEEEEING.
  4521 | D:4      | 4521 ||| FLEEEEING.
  4522 | D:4      | 4522 ||| FLEEEEING.
  4523 | D:4      | 4523 ||| FLEEEEING.
  4524 | D:4      | 4524 ||| FLEEEEING.
  4525 | D:4      | 4525 ||| FLEEEEING.
  4526 | D:4      | 4526 ||| FLEEEEING.
  4527 | D:4      | 4527 ||| FLEEEEING.
  4528 | D:4      | 4528 ||| FLEEEEING.
  4529 | D:4      | 4529 ||| FLEEEEING.
  4530 | D:4      | 4530 ||| FLEEEEING.
  4531 | D:4      | 4531 ||| FLEEEEING.
  4532 | D:4      | 4532 ||| FLEEEEING.
  4533 | D:4      | 4533 ||| FLEEEEING.
  4534 | D:4      | 4534 ||| FLEEEEING.
  4535 | D:4      | 4535 ||| FLEEEEING.
  4536 | D:4      | 4536 ||| FLEEEEING.
  4537 | D:4      | 4537 ||| FLEEEEING.
  4538 | D:4      | 4538 ||| FLEEEEING.
  4539 | D:4      | 4539 ||| FLEEEEING.
  4540 | D:4      | 4540 ||| FLEEEEING.
  4541 | D:4      | 4541 ||| FLEEEEING.
  4542 | D:4      | 4542 ||| FLEEEEING.
  4543 | D:4      | 4543 ||| FLEEEEING.
  4544 | D:4      | 4544 ||| FLEEEEING.
  4545 | D:4      | 4545 ||| FLEEEEING.
  4546 | D:4      | 4546 ||| FLEEEEING.
  4547 | D:4      | 4547 ||| FLEEEEING.
  4548 | D:4      | 4548 ||| FLEEEEING.
  4549 | D:4      | 4549 ||| FLEEEEING.
  4550 | D:4      | 4550 ||| FLEEEEING.
  4551 | D:4      | 4551 ||| FLEEEEING.
  4552 | D:4      | 4552 ||| FLEEEEING.
  4553 | D:4      | 4553 ||| FLEEEEING.
  4554 | D:4      | 4554 ||| FLEEEEING.
  4557 | D:4      | 4557 ||| FLEEEEING.
  4558 | D:4      | 4558 ||| FLEEEEING.
  4559 | D:4      | 4559 ||| FLEEEEING.
  4669 | D:4      | Reached skill level 8 in Axes
  4734 | D:4      | 4734 ||| Stepping ~*~*~tactically~*~*~ (stealth).
  4895 | D:4      | Reached skill level 6 in Fighting
  5018 | D:4      | Found a blossoming altar of Fedhas.
  5252 | D:4      | 5252 ||| DROPPING ring of magical power.
  5253 | D:4      | 5253 ||| READING scroll labelled TESHUPS DE ANO.
  5254 | D:4      | 5254 ||| READING scroll labelled OCOMUN SUNERCH.
  5255 | D:4      | 5255 ||| READING scroll labelled FITOR UKEKO.
  5256 | D:4      | 5256 ||| READING scroll labelled KOOTHA UTHIU.
  5257 | D:4      | 5257 ||| DRINKING 2 yellow potions.
  5258 | D:4      | 5258 ||| READING 2 scrolls of identify.
  5258 | D:4      | 5258 ||| IDENTIFYING lumpy grey potion
  5287 | D:4      | 5287 ||| STAIRDANCE
  5291 | D:4      | 5291 ||| STAIRDANCE
  5295 | D:4      | 5295 ||| STAIRDANCE
  5299 | D:4      | 5299 ||| STAIRDANCE
  5303 | D:4      | 5303 ||| STAIRDANCE
  5307 | D:4      | 5307 ||| STAIRDANCE
  5311 | D:4      | 5311 ||| STAIRDANCE
  5315 | D:4      | 5315 ||| STAIRDANCE
  5319 | D:4      | 5319 ||| STAIRDANCE
  5323 | D:4      | 5323 ||| STAIRDANCE
  5327 | D:4      | 5327 ||| STAIRDANCE
  5331 | D:4      | 5331 ||| STAIRDANCE
  5335 | D:4      | 5335 ||| STAIRDANCE
  5339 | D:4      | 5339 ||| STAIRDANCE
  5343 | D:4      | 5343 ||| STAIRDANCE
  5347 | D:4      | 5347 ||| STAIRDANCE
  5351 | D:4      | 5351 ||| STAIRDANCE
  5355 | D:4      | 5355 ||| STAIRDANCE
  5418 | D:3      | Found a stormy altar of Qazlal.
  5487 | D:5      | Entered Level 5 of the Dungeon
  5681 | D:5      | Noticed a vampire
  5684 | D:5      | Killed a vampire
  5685 | D:5      | Reached XP level 9. HP: 55/55 MP: 9/9
  5786 | D:5      | Noticed Eustachio
  5800 | D:5      | Killed Eustachio
  5801 | D:5      | Reached skill level 9 in Axes
  5877 | D:5      | 5877 ||| READING scroll of brand weapon.
  5877 | D:5      | 5877 ||| BRANDING +1 vorpal war axe.
  6225 | D:5      | Found Myrhic's Weapon Shoppe.
  6228 | D:5      | 6228 ||| SHOPLISTING +8 mace of Midnight {drain, Fragile
                  | rN+ SInv} (662 gold, have 282).
  6291 | D:5      | 6291 ||| READING scroll labelled BAOSUC DOFU.
  6392 | D:5      | 6392 ||| READING 2 scrolls labelled ACLIDDY IVEA.
  6393 | D:5      | 6393 ||| DRINKING 2 sedimented orange potions.
  6394 | D:5      | 6394 ||| READING 2 scrolls of identify.
  6394 | D:5      | 6394 ||| IDENTIFYING pink potion
  6395 | D:5      | 6395 ||| DROPPING potion of flight.
  6396 | D:5      | 6396 ||| DROPPING scroll of magic mapping.
  6430 | D:6      | Found a staircase to the Ecumenical Temple.
  6441 | D:6      | 6441 ||| PLANNING TEMPLE
  6454 | Temple   | Entered the Ecumenical Temple
  6456 | Temple   | 6456 ||| PLANNING OKAWARU WORSHIP
  6823 | Temple   | Became a worshipper of Warmaster Okawaru
  6824 | Temple   | 6824 ||| PLANNING D:1-11
  6896 | D:6      | 6896 ||| Stepping ~*~*~tactically~*~*~ (stealth).
  6897 | D:6      | 6897 ||| Stepping ~*~*~tactically~*~*~ (stealth).
  6907 | D:6      | 6907 ||| Stepping ~*~*~tactically~*~*~ (stealth).
  7004 | D:6      | Identified the +1 troll leather armour "Acosigocw" {*Slow
                  | rPois Regen+ Int+4 SInv}
  7020 | D:6      | HP: 14/57 [ogre/+0 giant spiked club (15)]
  7021 | D:6      | 7021 ||| READING 2 scrolls of teleportation.
  7024 | D:6      | 7024 ||| FLEEEEING.
  7025 | D:6      | 7025 ||| FLEEEEING.
  7027 | D:6      | 7027 ||| FLEEEEING.
  7028 | D:6      | 7028 ||| FLEEEEING.
  7029 | D:6      | 7029 ||| FLEEEEING.
  7030 | D:6      | 7030 ||| FLEEEEING.
  7031 | D:6      | 7031 ||| FLEEEEING.
  7032 | D:6      | 7032 ||| FLEEEEING.
  7033 | D:6      | 7033 ||| FLEEEEING.
  7034 | D:6      | 7034 ||| FLEEEEING.
  7035 | D:6      | 7035 ||| FLEEEEING.
  7036 | D:6      | 7036 ||| FLEEEEING.
  7040 | D:6      | 7040 ||| FLEEEEING.
  7041 | D:6      | 7041 ||| FLEEEEING.
  7042 | D:6      | 7042 ||| FLEEEEING.
  7043 | D:6      | 7043 ||| FLEEEEING.
  7044 | D:6      | 7044 ||| FLEEEEING.
  7045 | D:6      | 7045 ||| FLEEEEING.
  7046 | D:6      | 7046 ||| FLEEEEING.
  7050 | D:6      | 7050 ||| FLEEEEING.
  7051 | D:6      | 7051 ||| FLEEEEING.
  7052 | D:6      | 7052 ||| FLEEEEING.
  7053 | D:6      | 7053 ||| FLEEEEING.
  7054 | D:6      | 7054 ||| FLEEEEING.
  7055 | D:6      | 7055 ||| FLEEEEING.
  7056 | D:6      | 7056 ||| STAIRDANCE
  7242 | D:5      | 7242 ||| READING scroll labelled DOTEVA COSE.
  7243 | D:5      | 7243 ||| DRINKING 2 murky red potions.
  7254 | D:6      | Reached skill level 6 in Armour
  7254 | D:6      | 7254 ||| STAIRDANCE
  7365 | D:6      | 7365 ||| READING scroll of enchant armour.
  7365 | D:6      | 7365 ||| ENCHANTING +0 plate armour.
  7391 | D:6      | 7391 ||| READING scroll of enchant weapon.
  7391 | D:6      | 7391 ||| ENCHANTING +1 war axe of freezing.
  7403 | D:6      | 7403 ||| Stepping ~*~*~tactically~*~*~ (stealth).
  7436 | D:6      | 7436 ||| READING 2 scrolls labelled ODOAL TUREPT.
  7437 | D:6      | 7437 ||| DROPPING scroll of immolation.
  7469 | D:7      | 7469 ||| STAIRDANCE
  7480 | D:6      | Reached * piety under Okawaru
  7608 | D:7      | 7608 ||| STAIRDANCE
  7632 | D:7      | Reached skill level 1 in Invocations
  7635 | D:7      | 7635 ||| DROPPING +0 flail.
  7719 | D:7      | 7719 ||| FLEEEEING.
  7720 | D:7      | 7720 ||| FLEEEEING.
  7721 | D:7      | 7721 ||| FLEEEEING.
  7722 | D:7      | 7722 ||| FLEEEEING.
  7723 | D:7      | 7723 ||| FLEEEEING.
  7724 | D:7      | 7724 ||| FLEEEEING.
  7725 | D:7      | 7725 ||| FLEEEEING.
  7726 | D:7      | 7726 ||| FLEEEEING.
  7727 | D:7      | 7727 ||| FLEEEEING.
  7728 | D:7      | 7728 ||| FLEEEEING.
  7729 | D:7      | 7729 ||| FLEEEEING.
  7730 | D:7      | 7730 ||| FLEEEEING.
  7731 | D:7      | 7731 ||| FLEEEEING.
  7732 | D:7      | 7732 ||| FLEEEEING.
  7733 | D:7      | 7733 ||| FLEEEEING.
  7734 | D:7      | 7734 ||| FLEEEEING.
  7736 | D:7      | 7736 ||| FLEEEEING.
  7737 | D:7      | 7737 ||| FLEEEEING.
  7738 | D:7      | 7738 ||| FLEEEEING.
  7739 | D:7      | 7739 ||| FLEEEEING.
  7740 | D:7      | 7740 ||| FLEEEEING.
  7741 | D:7      | 7741 ||| FLEEEEING.
  7742 | D:7      | 7742 ||| FLEEEEING.
  7743 | D:7      | 7743 ||| FLEEEEING.
  7744 | D:7      | 7744 ||| FLEEEEING.
  7745 | D:7      | 7745 ||| FLEEEEING.
  7746 | D:7      | 7746 ||| FLEEEEING.
  7747 | D:7      | 7747 ||| FLEEEEING.
  7748 | D:7      | 7748 ||| FLEEEEING.
  7749 | D:7      | 7749 ||| FLEEEEING.
  7750 | D:7      | 7750 ||| FLEEEEING.
  7751 | D:7      | 7751 ||| FLEEEEING.
  7807 | D:7      | Reached skill level 3 in Invocations
  7937 | D:7      | Reached skill level 10 in Axes
  7937 | D:7      | Reached XP level 10. HP: 63/63 MP: 12/12
  8014 | D:7      | 8014 ||| Stepping ~*~*~tactically~*~*~ (hiding).
  8127 | D:7      | Noticed a gargoyle
  8138 | D:7      | Killed a gargoyle
  8236 | D:7      | Reached ** piety under Okawaru
  8280 | D:7      | 8280 ||| Stepping ~*~*~tactically~*~*~ (stealth).
  8289 | D:7      | 8289 ||| INVOKING Heroism.
  8309 | D:7      | 8309 ||| FLEEEEING.
  8310 | D:7      | 8310 ||| FLEEEEING.
  8311 | D:7      | 8311 ||| FLEEEEING.
  8312 | D:7      | 8312 ||| FLEEEEING.
  8313 | D:7      | 8313 ||| FLEEEEING.
  8314 | D:7      | 8314 ||| FLEEEEING.
  8417 | D:7      | 8417 ||| Invisible monster not found???
  8511 | D:7      | 8511 ||| INVOKING Heroism.
  8548 | D:7      | 8548 ||| STAIRDANCE
  8633 | D:6      | 8633 ||| UPGRADING to ring of see invisible.
  8634 | D:6      | 8634 ||| UPGRADING to ring of protection from fire.
  8635 | D:6      | 8635 ||| READING 2 scrolls of identify.
  8635 | D:6      | 8635 ||| IDENTIFYING puce potion
  8638 | D:7      | 8638 ||| STAIRDANCE
  8873 | D:8      | 8873 ||| STAIRDANCE
  8891 | D:8      | 8891 ||| STAIRDANCE
  8893 | D:7      | 8893 ||| INVOKING Heroism.
  8896 | D:7      | Reached skill level 1 in Throwing
  8962 | D:8      | 8962 ||| STAIRDANCE
  8966 | D:7      | 8966 ||| INVOKING Heroism.
  9071 | D:8      | 9071 ||| DRINKING potion of curing.
  9071 | D:8      | 9071 ||| (to cure confusion)
  9078 | D:8      | 9078 ||| INVOKING Heroism.
  9215 | D:8      | 9215 ||| Stepping ~*~*~tactically~*~*~ (stealth).
  9218 | D:8      | 9218 ||| Stepping ~*~*~tactically~*~*~ (stealth).
  9243 | D:8      | 9243 ||| Stepping ~*~*~tactically~*~*~ (stealth).
  9324 | D:8      | 9324 ||| Stepping ~*~*~tactically~*~*~ (stealth).
  9327 | D:8      | 9327 ||| Stepping ~*~*~tactically~*~*~ (stealth).
  9374 | D:8      | Found a flagged portal.
  9458 | D:8      | Found a hide-covered altar of Uskayaw.
  9465 | D:8      | 9465 ||| INVOKING Heroism.
  9934 | D:8      | 9934 ||| READING scroll labelled BIRAKE JECICW.
  9935 | D:8      | 9935 ||| DRINKING 2 bubbling white potions.
 10040 | D:8      | 10040 ||| DRINKING 2 black potions.
 10041 | D:8      | 10041 ||| READING 2 scrolls of identify.
 10041 | D:8      | 10041 ||| IDENTIFYING smoky emerald potion
 10042 | D:8      | 10042 ||| DROPPING potion of berserk rage.
 10043 | D:8      | 10043 ||| DROPPING potion of brilliance.
 10085 | D:9      | 10085 ||| STAIRDANCE
 10154 | D:8      | 10154 ||| DROPPING +2 flail.
 10159 | D:9      | Noticed Maurice
 10161 | D:9      | Noticed a kobold demonologist
 10164 | D:9      | 10164 ||| INVOKING Heroism.
 10164 | D:9      | Noticed an orange demon
 10177 | D:9      | Killed Maurice
 10180 | D:9      | Killed a kobold demonologist
 10180 | D:9      | Reached *** piety under Okawaru
 10181 | D:9      | Reached skill level 11 in Axes
 10395 | D:9      | Found a staircase to the Orcish Mines.
 10397 | D:9      | 10397 ||| INVOKING Heroism.
 10416 | D:9      | Noticed Amaemon
 10418 | D:9      | Noticed an orange demon
 10427 | D:9      | 10427 ||| INVOKING Heroism.
 10434 | D:9      | Killed Amaemon
 10435 | D:9      | Reached XP level 11. HP: 63/68 MP: 11/14
 10461 | D:9      | 10461 ||| DROPPING +2 flail of protection.
 10498 | D:9      | 10498 ||| Stepping ~*~*~tactically~*~*~ (stealth).
 10510 | D:9      | 10510 ||| Stepping ~*~*~tactically~*~*~ (stealth).
 10513 | D:9      | Reached **** piety under Okawaru
 10516 | D:9      | 10516 ||| FLEEEEING.
 10517 | D:9      | 10517 ||| FLEEEEING.
 10518 | D:9      | 10518 ||| FLEEEEING.
 10519 | D:9      | 10519 ||| FLEEEEING.
 10520 | D:9      | 10520 ||| FLEEEEING.
 10521 | D:9      | 10521 ||| FLEEEEING.
 10522 | D:9      | 10522 ||| FLEEEEING.
 10523 | D:9      | 10523 ||| FLEEEEING.
 10524 | D:9      | 10524 ||| FLEEEEING.
 10525 | D:9      | 10525 ||| FLEEEEING.
 10526 | D:9      | 10526 ||| FLEEEEING.
 10527 | D:9      | 10527 ||| FLEEEEING.
 10528 | D:9      | 10528 ||| FLEEEEING.
 10529 | D:9      | 10529 ||| FLEEEEING.
 10530 | D:9      | 10530 ||| FLEEEEING.
 10531 | D:9      | 10531 ||| FLEEEEING.
 10532 | D:9      | 10532 ||| FLEEEEING.
 10533 | D:9      | 10533 ||| FLEEEEING.
 10534 | D:9      | 10534 ||| FLEEEEING.
 10535 | D:9      | 10535 ||| FLEEEEING.
 10536 | D:9      | 10536 ||| FLEEEEING.
 10537 | D:9      | 10537 ||| FLEEEEING.
 10538 | D:9      | 10538 ||| FLEEEEING.
 10539 | D:9      | 10539 ||| FLEEEEING.
 10540 | D:9      | 10540 ||| FLEEEEING.
 10581 | D:9      | Noticed a death yak
 10582 | D:9      | 10582 ||| INVOKING Heroism.
 10593 | D:9      | Killed a death yak
 10594 | D:9      | Reached skill level 9 in Fighting
 10707 | D:9      | Found a staircase to the Lair.
 10708 | D:9      | Noticed a death yak
 10709 | D:9      | 10709 ||| Stepping ~*~*~tactically~*~*~ (stealth).
 10710 | D:9      | 10710 ||| INVOKING Heroism.
 10713 | D:9      | 10713 ||| Stepping ~*~*~tactically~*~*~ (stealth).
 10719 | D:9      | Noticed a death yak
 10721 | D:9      | Killed a death yak
 10727 | D:9      | 10727 ||| Stepping ~*~*~tactically~*~*~ (stealth).
 10730 | D:9      | Killed a death yak
 10792 | D:9      | 10792 ||| Stepping ~*~*~tactically~*~*~ (stealth).
 10793 | D:9      | 10793 ||| Stepping ~*~*~tactically~*~*~ (stealth).
 11504 | D:9      | 11504 ||| PLANNING LAIR
 11504 | D:9      | 11504 ||| DROPPING amulet of regeneration.
 11505 | D:9      | 11505 ||| READING 2 scrolls of identify.
 11505 | D:9      | 11505 ||| IDENTIFYING coppery potion
 11506 | D:9      | 11506 ||| DROPPING potion of ambrosia.
 11553 | Lair:1   | Entered Level 1 of the Lair of Beasts
 11682 | Lair:1   | 11682 ||| INVOKING Heroism.
 11691 | Lair:1   | Reached skill level 6 in Invocations
 11938 | Lair:1   | 11938 ||| INVOKING Heroism.
 11951 | Lair:1   | Reached ***** piety under Okawaru
 11958 | Lair:1   | 11958 ||| INVOKING Heroism.
 12065 | Lair:1   | 12065 ||| INVOKING Heroism.
 12087 | Lair:1   | 12087 ||| Stepping ~*~*~tactically~*~*~ (stealth).
 12111 | Lair:1   | Found a frozen archway.
 12124 | Lair:1   | Reached skill level 12 in Axes
 12146 | Lair:1   | Found a runed translucent gate.
 12146 | Lair:1   | Found a runed translucent gate.
 12148 | Lair:1   | Found a runed translucent gate.
 12151 | Lair:1   | Noticed Bukhlaj's ghost (journeyman HOFi)
 12151 | Lair:1   | Noticed Ceckukk's ghost (journeyman GrEE)
 12170 | Lair:1   | 12170 ||| Stepping ~*~*~tactically~*~*~ (hiding).
 12171 | Lair:1   | 12171 ||| Stepping ~*~*~tactically~*~*~ (hiding).
 12393 | Lair:1   | 12393 ||| INVOKING Heroism.
 12399 | Lair:1   | Received a gift from Okawaru
 12788 | Lair:1   | 12788 ||| Stepping ~*~*~tactically~*~*~ (stealth).
 12937 | Lair:1   | 12937 ||| INVOKING Heroism.
 12962 | Lair:1   | Received a gift from Okawaru
 12980 | Lair:1   | Noticed a four-headed hydra
 12981 | Lair:1   | 12981 ||| INVOKING Heroism.
 12982 | Lair:1   | 12982 ||| SWAPPING to -2 demon whip of venom.
 12983 | Lair:1   | 12983 ||| INVOKING Finesse.
 12984 | Lair:1   | 12984 ||| INVOKING Finesse.
 12990 | Lair:1   | Killed a four-headed hydra
 12991 | Lair:1   | Reached XP level 12. HP: 71/76 MP: 10/18
 12991 | Lair:1   | 12991 ||| SWAPPING to +2 war axe of freezing.
 13135 | Lair:1   | 13135 ||| UPGRADING to +0 pair of gloves.
 13140 | Lair:1   | 13140 ||| UPGRADING to +1 hat.
 13145 | Lair:1   | 13145 ||| READING 2 scrolls of identify.
 13145 | Lair:1   | 13145 ||| IDENTIFYING fuming orange potion
 13170 | Lair:2   | 13170 ||| INVOKING Heroism.
 13186 | Lair:2   | 13186 ||| Stepping ~*~*~tactically~*~*~ (stealth).
 13188 | Lair:2   | 13188 ||| Stepping ~*~*~tactically~*~*~ (stealth).
 13210 | Lair:2   | Reached skill level 6 in Shields
 13308 | Lair:2   | 13308 ||| INVOKING Heroism.
 13379 | Lair:2   | Reached skill level 9 in Invocations
 13505 | Lair:2   | 13505 ||| INVOKING Heroism.
 13744 | Lair:2   | Found a staircase to the Shoals.
 13780 | Lair:2   | 13780 ||| Stepping ~*~*~tactically~*~*~ (hiding).
 14270 | Lair:2   | 14270 ||| DROPPING orb of light.
 14271 | Lair:2   | 14271 ||| UPGRADING to +6 ring of strength.
 14273 | Lair:2   | 14273 ||| READING 2 scrolls of identify.
 14273 | Lair:2   | 14273 ||| IDENTIFYING bubbling orange potion
 14294 | Lair:3   | 14294 ||| STAIRDANCE
 14294 | Lair:3   | Noticed a four-headed hydra
 14356 | Lair:3   | 14356 ||| Stepping ~*~*~tactically~*~*~ (stealth).
 14365 | Lair:3   | 14365 ||| Stepping ~*~*~tactically~*~*~ (stealth).
 14366 | Lair:3   | 14366 ||| Stepping ~*~*~tactically~*~*~ (stealth).
 14369 | Lair:3   | 14369 ||| Stepping ~*~*~tactically~*~*~ (stealth).
 14371 | Lair:3   | 14371 ||| INVOKING Heroism.
 14375 | Lair:3   | 14375 ||| Stepping ~*~*~tactically~*~*~ (stealth).
 14378 | Lair:3   | 14378 ||| Stepping ~*~*~tactically~*~*~ (stealth).
 14435 | Lair:3   | 14435 ||| INVOKING Heroism.
 14510 | Lair:3   | 14510 ||| FLEEEEING.
 14511 | Lair:3   | 14511 ||| FLEEEEING.
 14512 | Lair:3   | 14512 ||| FLEEEEING.
 14519 | Lair:3   | 14519 ||| STAIRDANCE
 14688 | Lair:3   | 14688 ||| Stepping ~*~*~tactically~*~*~ (hiding).
 14690 | Lair:3   | 14690 ||| INVOKING Heroism.
 14702 | Lair:3   | 14702 ||| Stepping ~*~*~tactically~*~*~ (stealth).
 14772 | Lair:3   | 14772 ||| INVOKING Heroism.
 14957 | Lair:3   | Reached skill level 13 in Axes
 15004 | Lair:3   | Found a staircase to the Snake Pit.
 15254 | Lair:3   | Reached skill level 9 in Armour
 15289 | Lair:3   | 15289 ||| INVOKING Heroism.
 15290 | Lair:3   | 15290 ||| INVOKING Finesse.
 15293 | Lair:3   | 15293 ||| SWAPPING to -2 demon whip of venom.
 15305 | Lair:3   | Killed a four-headed hydra
 15306 | Lair:3   | 15306 ||| SWAPPING to +2 war axe of freezing.
 15322 | Lair:3   | 15322 ||| Stepping ~*~*~tactically~*~*~ (stealth).
 15330 | Lair:3   | 15330 ||| Stepping ~*~*~tactically~*~*~ (stealth).
 15331 | Lair:3   | 15331 ||| Stepping ~*~*~tactically~*~*~ (stealth).
 15563 | Lair:4   | 15563 ||| INVOKING Heroism.
 15570 | Lair:4   | Reached XP level 13. HP: 82/82 MP: 18/20
 15698 | Lair:4   | Received a gift from Okawaru
 15736 | Lair:4   | 15736 ||| Stepping ~*~*~tactically~*~*~ (hiding).
 15737 | Lair:4   | 15737 ||| Stepping ~*~*~tactically~*~*~ (hiding).
 15760 | Lair:4   | Reached skill level 14 in Axes
 15774 | Lair:4   | 15774 ||| INVOKING Heroism.
 15949 | Lair:4   | 15949 ||| INVOKING Heroism.
 16084 | Lair:4   | 16084 ||| INVOKING Heroism.
 16605 | Lair:4   | 16605 ||| Stepping ~*~*~tactically~*~*~ (hiding).
 16610 | Lair:4   | 16610 ||| Stepping ~*~*~tactically~*~*~ (hiding).
 16691 | Lair:4   | 16691 ||| INVOKING Heroism.
 16730 | Lair:4   | 16730 ||| Stepping ~*~*~tactically~*~*~ (hiding).
 16747 | Lair:4   | HP: 16/84 [meliai/divine providence (13)]
 16748 | Lair:4   | 16748 ||| READING 2 scrolls of teleportation.
 16748 | Lair:4   | HP: 7/84 [meliai/divine providence (9)]
 16749 | Lair:4   | 16749 ||| DRINKING 3 potions of heal wounds.
 17019 | Lair:4   | 17019 ||| SWAPPING to +0 broad axe.
 17020 | Lair:4   | 17020 ||| DROPPING +2 war axe of freezing.
 17022 | Lair:4   | 17022 ||| Stepping ~*~*~tactically~*~*~ (stealth).
 17023 | Lair:4   | 17023 ||| Stepping ~*~*~tactically~*~*~ (stealth).
 17025 | Lair:4   | 17025 ||| Stepping ~*~*~tactically~*~*~ (stealth).
 17119 | Lair:4   | 17119 ||| UPGRADING to scarf of resistance.
 17172 | Lair:5   | Entered Level 5 of the Lair of Beasts
 17173 | Lair:5   | 17173 ||| INVOKING Heroism.
 17199 | Lair:5   | HP: 17/84 [goliath frog (11)]
 17199 | Lair:5   | HP: 8/84 [tyrant leech (2)]
 17200 | Lair:5   | 17200 ||| READING scroll of teleportation.
 17201 | Lair:5   | 17201 ||| DRINKING 2 potions of heal wounds.
 17202 | Lair:5   | 17202 ||| DRINKING potion of heal wounds.
 17243 | Lair:5   | HP: 20/84 [komodo dragon (6)]
 17244 | Lair:5   | 17244 ||| Stepping ~*~*~tactically~*~*~ (stealth).
 17245 | Lair:5   | 17245 ||| INVOKING Heroism.
 17248 | Lair:5   | HP: 9/84 [blink frog (12)]
 17265 | Lair:5   | HP: 3/84 [blink frog (9)]
 17267 | Lair:5   | Slain by a blink frog

Levels and vault maps discovered:
D:1:      minmay_arrival_four_loops, layout_loops_ring,
          shapermc_ecumenical_altar_mp_vishouse, minmay_domino_4
D:2:      layout_loops_cross
D:3:      layout_basic, nicolae_overflow_ecumenical_swirl, minmay_checkerbox,
          uniq_ijyb, uniq_natasha, uniq_grinder
D:4:      layout_cave_pods, fedhas_altar_2, serial_shops, nicolae_diamond_shop,
          serial_rivers, chequers_serial_rivers_large_a,
          chequers_serial_rivers_micro_b, chequers_serial_rivers_micro_a,
          chequers_serial_rivers_micro_b
D:5:      layout_rooms, serial_shops, kennysheep_mini_moat,
          amcnicky_mini_rare_corridor_liquid, roderic_serpentine_path,
          uniq_eustachio
D:6:      layout_rooms, minmay_temple_entry_statues_pillars
D:7:      layout_loops_cross, chequers_serial_rivers_micro_d
D:8:      layout_rooms, eat_drink_and_be_merry_uskayaw, serial_demonic,
          serial_demonic_e, serial_demonic_d, serial_demonic_c,
          serial_demonic_b, serial_demonic_c, enter_bailey_8
D:9:      layout_small_grid, dpeg_lair_monsters, david_orc_3,
          statue_in_the_mist_lemuel, dk_noncrumbling_2, uniq_amaemon,
          uniq_maurice
Temple:   compressed_dpeg_triangle_lava_temple
Lair:1:   cheibrodos_lair_river_kwai, layout_concentric_octagons,
          portal_ice_cave_entry_pillars_1, gammafunk_ghost_cemetery
Lair:2:   layout_chaotic_city, elwin_shoals_entry_rooms, minmay_holes,
          nicolae_lair_lil_pond
Lair:3:   layout_gridlike, minmay_snake_entry_spellcaster, grunt_megastairs_5
Lair:4:   layout_cave_pods, special_room [special_room_bee]
Lair:5:   minmay_lair_end_frog_pond, layout_regular_city, slime_entry_1,
          uniq_sonja

Skill      XL: |  1  2  3  4  5  6  7  8  9 10 11 12 13 |
---------------+----------------------------------------+-----
Axes           | 2 3 4 6 7 8 10 11 12 13 14 | 14.5
Fighting       | 4 5 6 7 8 9 10 11 | 11.0
Armour         | 4 5 6 7 8 9 10 | 10.0
Dodging        | 1 2 |  2.2
Shields        | 4 5 6 7 |  7.0
Invocations    | 3 4 8 10 | 10.0
Throwing       | 1 2 |  2.1

Action                   |  1- 3 |  4- 6 |  7- 9 | 10-12 | 13-15 || total
-------------------------+-------+-------+-------+-------+-------++-------
Melee: War axe           |    96 |    71 |   284 |   569 |   174 ||  1194
       Demon whip        |       |       |       |    17 |       ||    17
       Broad axe         |       |       |       |       |    71 ||    71
Throw: Boomerang         |       |     8 |     8 |    45 |    21 ||    82
Invok: Heroism           |       |       |       |    27 |     6 ||    33
       Finesse           |       |       |       |     2 |       ||     2
  Use: Scroll            |     7 |     1 |    14 |     6 |     2 ||    30
       Potion            |     1 |       |     5 |     3 |     3 ||    12
Armor: Scale mail        |    19 |       |       |       |       ||    19
       Chain mail        |    12 |       |       |       |       ||    12
       Plate armour      |     6 |    41 |   146 |   277 |   140 ||   610
Dodge: Dodged            |    33 |     6 |    68 |   128 |    87 ||   322
Block: Buckler           |    22 |    22 |   101 |   230 |   136 ||   511
       Reflection        |     2 |       |     1 |     8 |       ||    11

Table legend:
 A = Non-vault XP
 B = Vault XP
 C = Vault XP percentage of total XP
 D = Non-vault monster count
 E = Vault monster count
 F = Vault count percentage of total count
                 A         B        C        D         E       F
            +---------+---------+-------+---------+---------+-------
      Total |   32818 |   15466 |  32.0 |     264 |      82 |  23.7
            +---------+---------+-------+---------+---------+-------
        D:1 |      22 |       5 |  18.5 |      14 |       3 |  17.6
        D:2 |      36 |       0 |   0.0 |      13 |       0 |   0.0
        D:3 |     370 |     358 |  49.2 |      28 |       7 |  20.0
        D:4 |    1101 |       0 |   0.0 |      24 |       0 |   0.0
        D:5 |     829 |     202 |  19.6 |      11 |       1 |   8.3
        D:6 |     966 |       0 |   0.0 |      17 |       0 |   0.0
        D:7 |    2485 |      16 |   0.6 |      24 |       2 |   7.7
        D:8 |     866 |      37 |   4.1 |      20 |       4 |  16.7
        D:9 |    1684 |    4249 |  71.6 |      14 |      20 |  58.8
     Lair:1 |    3355 |    2367 |  41.4 |      16 |       5 |  23.8
     Lair:2 |    3169 |     340 |   9.7 |      16 |       1 |   5.9
     Lair:3 |    7700 |    1737 |  18.4 |      28 |       3 |   9.7
     Lair:4 |    9453 |    2514 |  21.0 |      36 |      25 |  41.0
     Lair:5 |     782 |    3641 |  82.3 |       3 |      11 |  78.6
            +---------+---------+-------+---------+---------+-------
